 Dungeon Crawl Stone Soup version 0.29.1-15-g9cfb28693d (webtiles) character file.

Game seed: 835872330520686089

114 firemarshallily the Sneak (level 4, 0/22 HPs)
             Began as a Felid Wanderer on Mar 15, 2023.
             Was an Elder of Zin.
             Slain by a killer bee (7 damage)
             ... on level 4 of the Dungeon.
             The game lasted 00:14:59 (4373 turns).

firemarshallily the Sneak (Felid Wanderer)          Turns: 4373, Time: 00:15:00

Health: 0/22       AC:  1    Str:  8    XL:     4   Next: 67%
Magic:  15/18      EV: 21    Int: 16    God:    Zin [****..]
Gold:   313        SH:  0    Dex: 14    Spells: 3/8 levels left
                                        Lives:  0   Deaths: 1

rFire   . . .      SeeInvis +   (weapon unavailable)
rCold   . . .      Faith    .   (shield unavailable)
rNeg    . . .      Spirit   .   (body armour unavailable)
rPois   .          Reflect  .   (helmet unavailable)
rElec   .          Harm     .   (cloak unavailable)
rCorr   .          Rampage  .   (gloves unavailable)
Will    .....                   (boots unavailable)
Stlth   +++.......              (no amulet)
HPRegen 0.07/turn               c - ring of magical power
MPRegen 0.16/turn               k - +4 ring of evasion

@: quick
A: very small, claws 1, fangs 3, see invisible, speed 1, shaggy fur 1, stealthy
paws, no weapons or thrown items, no armour, multi-lived
a: Renounce Religion, Recite, Vitalisation, Imprison, Donate Gold


You were on level 4 of the Dungeon.
You worshipped Zin.
Zin was greatly pleased with you.
You visited 1 branch of the dungeon, and saw 6 of its levels.

You collected 347 gold pieces.
You donated 34 gold pieces to Zin.

Inventory:

Jewellery
 c - a ring of magical power (left paw)
 k - a +4 ring of evasion (right paw)
Scrolls
 a - 2 scrolls of butterflies {unknown}
 d - a scroll of amnesia {unknown}
 f - a scroll of fear {unknown}
 g - a scroll of brand weapon {unknown}
 h - a scroll of enchant weapon {unknown}
 j - 3 scrolls of identify {unknown}
 m - a scroll of immolation {unknown}
 o - a scroll of teleportation {unknown}
Potions
 e - a potion of flight
 i - a potion of mutation {unknown}
 l - a potion of cancellation {unknown}
 n - a potion of heal wounds
 p - a potion of curing
 q - a potion of haste {unknown}


   Skills:
 + Level 3.8 Fighting
 + Level 3.1 Dodging
 - Level 4.0 Stealth
 * Level 2.9 Spellcasting
 + Level 2.7 Conjurations


You had 3 spell levels left.
You knew the following spells:

 Your Spells              Type           Power      Damage    Failure   Level
a - Magic Dart            Conj           44%        1d5       6%          1
b - Shock                 Conj/Air       24%        1d4       11%         1
c - Static Discharge      Conj/Air       6%         3-4/arc   16%         2
d - Summon Small Mammal   Summ           8%         N/A       19%         1

Your spell library contained the following spells:

 Spells                   Type           Power      Damage    Failure   Level
 Call Canine Familiar     Summ           2%         N/A       50%         3
 Summon Guardian Golem    Hex/Summ       2%         N/A       50%         3


Dungeon Overview and Level Annotations

Branches:
Dungeon (6/15)
 Temple: D:4-7

Altars:
Hepliaklqana
Ru
Zin

Shops:
D:1 :=:

Annotations:
D:3 3 runed translucent doors, GigaChad's ghost, amateur MiGl


Innate Abilities, Weirdness & Mutations

You have sharp claws.
You have razor-sharp teeth.
You have supernaturally acute eyesight. (SInv)
You cover ground quickly. (Speed+)
You are covered in fur. (AC +1)
Your paws help you pounce on unaware monsters.
You are incapable of wielding weapons or throwing items.
You cannot wear armour.
You gain extra lives every three experience levels.


Message History

4 killer bees come into view.
The killer bee buzzes angrily. x2; You hear an angry buzzing noise.
The killer bee stings you.
Casting: Magic Dart (safe; 6% risk of failure)
Confirm with . or Enter, or press ? or * to list all spells.
Aiming: Shock (safe; 11% risk of failure)
Press: ? - help, Shift-Dir - straight line, f - killer bee
Aim: a killer bee (34% to hit)
The zap hits the killer bee.
The killer bee is moderately wounded.
The zap hits the killer bee.
The killer bee is lightly wounded.
The zap hits the killer bee.
The killer bee is lightly wounded.
The zap misses the killer bee.
The killer bee stings you but does no damage.
A killer bee comes into view.
Your rat misses the killer bee.
Casting: Shock (safe; 11% risk of failure)
Confirm with . or Enter, or press ? or * to list all spells.
Aiming: Shock (safe; 11% risk of failure)
Press: ? - help, Shift-Dir - straight line, f - killer bee, p - killer bee
Aim: a killer bee (wandering, hasn't noticed you, 34% to hit)
The zap misses the killer bee.
The zap hits the killer bee.
The killer bee is lightly wounded.
The zap misses the killer bee.
The zap hits the killer bee.
The killer bee is moderately wounded.
The killer bee barely misses you. The killer bee stings you.
The killer bee stings you!
* * * LOW HITPOINT WARNING * * *
Your rat misses the killer bee.
A killer bee comes into view.
Blink to where?
Press: ? - help, Dir - move target, p - killer bee
As you read the scroll of blinking, it crumbles to dust.
Your rat disappears in a puff of smoke!
Casting: Shock (safe; 11% risk of failure)
Confirm with . or Enter, or press ? or * to list all spells.
The killer bee stings you!
You die...

.##.#
#################..#####
.##.##
#..........##...........
.....#
#.########.##.#######.##
###.## #.# #......# #.#
### #.# ####.###..# #.#
#.# #....# #..# #.# #.#
#.##.###..# #.#
#.###.##......# #.#
#....#y@.r.##.#######.#
#####y#######.......<.#
#.# ####.##.###
#######y# #.##.#


y.y.yy.y# #.##.# ######### #.##.#### #)##..... # #.####### ####.#### #.# You
could see 2 killer bees and a friendly rat (summoned).

Vanquished Creatures
  A hound (D:5)
  A gnoll bouda (D:3)
  3 gnolls (D:3)
  An adder (D:3)
  An ufetubus (D:5)
  A worm (D:2)
  2 dart slugs
  A bat (D:2)
  7 endoplasms
  5 goblins
  6 hobgoblins
  3 jackals (D:2)
  9 kobolds
  3 quokkas
  5 ball pythons
  2 frilled lizards
  7 rats
58 creatures vanquished.

Notes
Turn   | Place    | Note
-------+----------+-------------------------------------------
     0 | D:1      | firemarshallily the Felid Wanderer began the quest for the
                  | Orb.
     0 | D:1      | firemarshallily set off with the following items: a potion
                  | of curing, a scroll of blinking; and the following spells
                  | available to memorise: Magic Dart, Shock, Static Discharge.
     0 | D:1      | Reached XP level 1. HP: 10/10 MP: 3/3
    93 | D:1      | Learned a level 1 spell: Magic Dart
    97 | D:1      | Learned a level 1 spell: Shock
   244 | D:1      | Found Rumou's Book Boutique.
   392 | D:1      | Reached XP level 2. HP: 14/14 MP: 5/5
   498 | D:1      | Found Hox Leu's Jewellery Shoppe.
   563 | D:1      | Found Ameovud's Book Emporium.
   833 | D:1      | Found a faded altar of an unknown god.
   838 | D:1      | Prayed at the altar of an unknown god.
   838 | D:1      | Became a worshipper of Zin the Law-Giver
   838 | D:1      | Reached * piety under Zin
  1235 | D:2      | Learned a level 2 spell: Static Discharge
  1309 | D:2      | Reached ** piety under Zin
  1393 | D:2      | Reached XP level 3. HP: 17/17 MP: 6/6
  2373 | D:3      | Found a sacrificial altar of Ru.
  2613 | D:3      | Reached XP level 4. HP: 21/21 MP: 7/8
  2632 | D:3      | Zin protects you from harm!
  2635 | D:3      | Slain by a gnoll
  2636 | D:3      | Reached XP level 3. HP: 0/25 MP: 10/16
  3028 | D:3      | Found a runed translucent gate.
  3029 | D:3      | Found a runed translucent gate.
  3029 | D:3      | Noticed GigaChad's ghost (amateur MiGl)
  3030 | D:3      | Found a runed translucent gate.
  3037 | D:3      | Reached *** piety under Zin
  3200 | D:4      | Found a hazy altar of Hepliaklqana.
  3360 | D:4      | Reached XP level 4. HP: 12/22 MP: 9/9
  3691 | D:4      | You fall into a shaft and drop 2 floors!
  3721 | D:5      | Entered Level 5 of the Dungeon
  4061 | D:4      | Reached **** piety under Zin
  4079 | D:4      | Learned a level 1 spell: Summon Small Mammal
  4373 | D:4      | Slain by a killer bee

Illustrated notes

Levels and vault maps discovered:
D:1:      eino_arrival_tree_alley, layout_basic,
          chequers_ecumenical_altar_simple, serial_shops, shop_statue,
          shop_fountains, nicolae_shop_trees
D:2:      layout_basic
D:3:      layout_loops_ring, lemuel_tele_altar, biasface_ghost_orc_armoury,
          dreamdust_wishing_well
D:4:      layout_loops_ring, mainiacjoe_overflow_chevrons
D:5:      layout_basic, jmf_multi_god_temple, zin_treasury, uniq_sigmund
D:6:      layout_layer_cave, grunt_ministairs_13

Skill      XL: |  1  2  3  4 |
---------------+-------------+-----
Conjurations   | 2 |  2.7
Dodging        | 2 3 |  3.1
Spellcasting   | 2 |  2.9
Fighting       | |  3.8
Stealth        | |  4.0

Action                   |  1- 3 |  4- 6 || total
-------------------------+-------+-------++-------
Melee: Unarmed           |    16 |     5 ||    21
       Bite              |     1 |       ||     1
 Cast: Magic Dart        |   116 |    38 ||   154
       Shock             |    12 |     9 ||    21
       Static Discharge  |     7 |     1 ||     8
       Summon Small Mamm |       |     4 ||     4
Invok: Vitalisation      |       |     1 ||     1
  Use: Potion            |     3 |     6 ||     9
       Scroll            |       |     1 ||     1
 Stab: Sleeping          |     1 |       ||     1
Armor: Skin              |     3 |    12 ||    15
Dodge: Dodged            |    42 |    21 ||    63
